 Dungeon Crawl Stone Soup version 0.23.2-1-ga50397a (webtiles) character file.

Game seed: 2823822011103610566

51060 Lickle the Fighter (level 14, -2/135 HPs)
             Began as a Gargoyle Fighter on May 8, 2019.
             Was a High Priest of Dithmenos.
             Slain by a ghost crab (7 damage)
             ... on level 1 of the Swamp.
             The game lasted 01:17:21 (21542 turns).

Lickle the Fighter (Gargoyle Fighter)              Turns: 21542, Time: 01:17:24

Health: -2/135     AC: 27    Str: 30    XL:     14   Next: 58%
Magic:  17/17      EV:  2    Int: 10    God:    Dithmenos [*****.]
Gold:   1019       SH: 20    Dex: 12    Spells: 13/13 levels left

rFire    + . .     SeeInvis .   s - +3 mace (elec)
rCold    x . .     Gourm    .   H - +0 large shield
rNeg     + + +     Faith    .   (armour currently unavailable)
rPois    ∞         Spirit   .   (helmet currently unavailable)
rElec    .         Reflect  .   (cloak currently unavailable)
rCorr    .         Harm     +   (gloves currently unavailable)
MR       +....     NoTele   +   (boots currently unavailable)
Stlth    ++++++++..             c - amulet "Arotiul" {Harm *Drain +Inv rF+ rC-}
HPRegen  0.32/turn              v - +4 ring of strength
MPRegen  0.15/turn              J - ring of stealth

@: mighty, tree-form, wreathed by umbra
A: negative energy resistance 1, petrification resistance, rot immunity, AC +10
a: Shadow Step, Shadow Form, Renounce Religion, Evoke Invisibility


You were on level 1 of the Swamp.
You worshipped Dithmenos.
Dithmenos was extremely pleased with you.
You were not hungry.
You were a tree.
You visited 6 branches of the dungeon, and saw 19 of its levels.
You also visited: Ossuary.

You collected 1199 gold pieces.
You spent 180 gold pieces at shops.

Inventory:

Hand Weapons
 s - a +3 mace of electrocution (weapon)
 T - a +3 war axe
Armour
 i - a +2 pair of gloves (melded)
 l - a +2 helmet (melded)
 q - a scarf of resistance (melded)
 z - a +0 shield
 C - a +1 pair of boots (melded)
 G - the +1 leather armour of Loss (melded) {rF+ rCorr Str+6}
   (You found it on level 6 of the Lair of Beasts)

   It affects your strength (+6).
   It protects you from fire.
   It provides partial protection from all sources of acid and corrosion.
 H - a +0 large shield (worn)
Jewellery
 b - an uncursed amulet of magic regeneration
 c - the amulet "Arotiul" (around neck) {Harm *Drain +Inv rF+ rC-}
   (You found it on level 1 of the Swamp)

   [amulet of harm]

   It increases damage dealt and taken.
   It protects you from fire.
   It makes you vulnerable to cold.
   It lets you turn invisible.
   It causes draining when unequipped.
 u - an uncursed ring of protection from fire
 v - a +4 ring of strength (left branch)
 y - an uncursed amulet of the acrobat
 D - a +1 ring of protection
 J - a ring of stealth (right branch)
Wands
 n - a wand of disintegration (13)
 r - a wand of digging (5)
 x - a wand of paralysis (20)
 F - a wand of flame (16)
 I - a wand of scattershot (6)
 Q - a wand of random effects (20)
Scrolls
 a - a scroll of holy word
 e - a scroll of silence
 g - 6 scrolls of teleportation
 h - a scroll of fog
 o - 4 scrolls of amnesia
 p - a scroll of remove curse
 M - a scroll of immolation
Potions
 j - 4 potions of curing
 A - 4 potions of cancellation
 B - a potion of mutation
 E - 2 potions of magic
 O - 2 potions of lignification
Miscellaneous
 t - a sack of spiders
 w - a lightning rod (4/4)
Comestibles
 f - 31 rations


   Skills:
 + Level 11.2 Fighting
 * Level 11.1 Maces & Flails
 + Level 11.2 Armour
 - Level 10.1 Dodging
 - Level 10.2 Stealth
 + Level 11.2 Shields
 - Level 5.0 Invocations


You had 13 spell levels left.
You didn't know any spells.
Your spell library contained the following spells:

 Spells                   Type           Power        Failure   Level  Hunger
 Corona                   Hex            #......      92%         1    ##.....
 Flame Tongue             Conj/Fire      #....        92%         1    ##.....
 Magic Dart               Conj           #...         92%         1    ##.....
 Sting                    Conj/Pois      #...         92%         1    ##.....
 Ensorcelled Hibernation  Hex/Ice        #.....       98%         2    ###....
 Poisonous Vapours        Pois/Air       #.....       98%         2    ###....
 Searing Ray              Conj           #.....       98%         2    ###....
 Throw Flame              Conj/Fire      #.....       98%         2    ###....
 Confuse                  Hex            #.......     100%        3    ####...
 Conjure Flame            Conj/Fire      #.......     100%        3    ####...
 Dazzling Spray           Conj/Hex       #.....       100%        3    ####...
 Inner Flame              Hex/Fire       #.......     100%        3    ####...
 Mephitic Cloud           Conj/Pois/Air  #.......     100%        3    ####...
 Tukima's Dance           Hex            #.......     100%        3    ####...
 Force Lance              Conj/Tloc      #.......     100%        4    #####..
 Fulminant Prism          Conj/Hex       #.........   100%        4    #####..
 Iskenderun's Mystic Bla  Conj           #.......     100%        4    #####..
 Olgreb's Toxic Radiance  Pois           #.......     100%        4    #####..
 Sticky Flame             Conj/Fire      #.......     100%        4    #####..
 Fireball                 Conj/Fire      #.........   100%        5    ######.
 Venom Bolt               Conj/Pois      #.........   100%        5    ######.


Dungeon Overview and Level Annotations

Branches:
Dungeon (9/15)             Temple (1/1) D:7            Lair (6/6) D:8
  Swamp (1/4) Lair:2        Snake (1/4) Lair:2        Slime (1/5) Lair:6
    Orc: D:9-12

Altars:
Ashenzari
Cheibriados
Dithmenos
Elyvilon
Fedhas
Gozag
Hepliaklqana
Kikubaaqudgha
Makhleb
Nemelex Xobeh
Okawaru
Qazlal
Ru
Sif Muna
Trog
Uskayaw
Vehumet
Wu Jian
Xom
Yredelemnul
Zin
The Shining One

Shops:
D:4 *

Annotations:
Lair:1 1 exclusion
Swamp:1 1 transporter, Curus's ghost, adept HOMo


Innate Abilities, Weirdness & Mutations

You are resistant to torment.
((Your stone body is resilient. (AC +10)))
You are immune to poison.
((Your large and strong wings let you fly indefinitely.))
You resist negative energy. (rN+)
((You are resistant to electric shocks. (rElec)))
((You can survive without breathing.))
You are immune to petrification.
You are immune to rotting.


Message History

Curus's ghost is severely damaged.
You block the spectral anaconda's attack.
The spectral anaconda bites you but does no damage.
You block the vampire mosquito's attack.
You block the ghost crab's attack.
The ghost crab claws you but does no damage.
The spectral anaconda constricts you but does no damage.
The spectral anaconda bites you but does no damage.
The vampire mosquito bites you but does no damage.
The spectral spriggan rider hits you but does no damage.
The spectral swamp drake bites you but does no damage.
Curus's ghost hits you!!
* * * LOW HITPOINT WARNING * * *
You hit Curus's ghost.
Curus's ghost is severely damaged.
You block the vampire mosquito's attack.
You block the spectral anaconda's attack.
The spectral anaconda bites you but does no damage.
The ghost crab bites you.
You die...

≈≈≈.≈≈♣.≈≈≈......≈≈≈≈≈≈.≈...≈♣..≈
.≈...>.≈.(♣.≈≈.≈≈≈♣≈.≈≈.≈≈≈.≈♣♣.≈
.≈.≈≈♣.≈≈............≈≈≈.≈♣.≈♣...
.≈≈≈≈≈.....#########..≈≈.≈≈♣♣♣.≈♣
....≈≈.≈≈.##.......##..≈≈..♣♣≈.≈♣
≈.≈≈§≈....#8..°°°°.8#.≈≈≈♣≈♣...♣♣
≈.♣♣≈≈≈≈..#.§.°..°°.#.≈?.≈≈♣♣..♣♣
≈.≈≈≈≈≈...#?Z○☼ZZZ..#..≈.≈≈≈≈≈...
.≈≈≈≈≈...©#?$°.Z♣WZ.#©....≈....≈.
.[≈≈≈.≈...#)°○..ty..#.....≈≈.≈...
♣♣♣≈≈..≈..#(....○..°#....≈≈♣.≈...
♣.≈≈....#8......°8#..≈≈≈≈≈.....
♣♣≈≈.≈≈≈.##©......##.≈..≈§≈.≈≈≈≈
♣..♣≈≈≈...#########..≈≈.≈..≈≈≈≈≈
♣♣♣.≈♣..♣............≈≈≈.≈.≈≈≈≈≈
♣.♣...♣.♣.≈♣≈≈≈..♣.≈≈.≈.≈≈≈≈≈≈
♣♣..♣..≈..§.♣.≈≈♣♣....≈.≈≈≈≈≈≈


You could see a ghost crab, a spectral anaconda, a spectral tyrant leech, 2
spectral swamp drakes, a spectral swamp dragon, a spectral spriggan rider, a
vampire mosquito and Curus's ghost.

Vanquished Creatures
  6 dire elephants (Lair:6)
  6 hydras
  2 shambling mangroves (Swamp:1)
  2 anacondas
  4 alligators (Swamp:1)
  2 two-headed ogres
  Urug (Lair:3)
  A swamp dragon (Swamp:1)
  Pikel (D:7)
  6 elephants
  3 oklob plants (Lair:5)
  A torpor snail (Lair:4)
  7 black mambas
  10 spiny frogs
  2 rime drakes
  5 komodo dragons
  2 polar bears (Lair:3)
  2 tyrant leeches (Swamp:1)
  3 slime creatures (Lair:5)
  3 bog bodies
  8 hornets (Swamp:1)
  18 blink frogs
  13 dream sheep
  5 hippogriffs
  4 wyverns
  3 spriggans (Swamp:1)
  A basilisk (Lair:5)
  21 yaks
  A hungry ghost (D:9)
  5 vampire mosquitoes (Swamp:1)
  3 swamp worms (Swamp:1)
  13 water moccasins
  8 porcupines
  2 orc warriors
  3 swamp drakes (Swamp:1)
  3 slaves (D:7)
  2 ice beasts (D:7)
  3 sky beasts
  7 ogres
  A necrophage (D:9)
  8 crocodiles
  2 centaurs
  3 big kobolds (D:8)
  3 elf zombies (Ossuary)
  8 bullfrogs
  A wyvern skeleton (D:7)
  6 scorpions
  4 killer bees (D:9)
  2 electric eels
  A howler monkey (D:7)
  5 crimson imps
  A bullfrog zombie (D:8)
  4 hounds
  2 centaur zombies (Ossuary)
  A human zombie (Ossuary)
  2 jellies
  A bullfrog skeleton (D:8)
  An orc priest (D:4)
  3 iguanas
  8 orc wizards
  10 worker ants
  A big kobold zombie (Ossuary)
  2 hound zombies
  2 hound skeletons
  2 mummies (Ossuary)
  A worker ant zombie (D:5)
  4 gnolls (D:5)
  13 adders
  5 shadow imps
  An ooze (D:1)
  An adder zombie (Ossuary)
  2 worms (D:2)
  2 dart slugs
  6 leopard geckos
  29 orcs
  4 ball pythons
  2 giant cockroaches
  14 goblins
  3 hobgoblins
  9 jackals
  4 quokkas
  6 bats
  7 frilled lizards
  A goblin zombie (Ossuary)
  5 hobgoblin zombies (Ossuary)
  2 jackal zombies (Ossuary)
  23 kobolds
  14 kobold zombies (Ossuary)
  6 orc zombies (Ossuary)
  A quokka skeleton (D:9)
  11 rats
  A rat zombie (Ossuary)
  A fungus (Lair:4)
  A plant (Lair:6)
455 creatures vanquished.

Vanquished Creatures (collateral kills)
  An elephant (Lair:6)
1 creature vanquished.

Vanquished Creatures (others)
  A swamp dragon (Swamp:1)
  A spiny frog (Swamp:1)
  2 tyrant leeches (Swamp:1)
  A bullfrog (D:7)
  A ball python (Swamp:1)
  8 bushes (Lair:6)
  8 fungi (Lair:6)
  56 plants
78 creatures vanquished.

Grand Total: 534 creatures vanquished

Notes
Turn   | Place    | Note
-------+----------+-------------------------------------------
     0 | D:1      | Lickle the Gargoyle Fighter began the quest for the Orb.
     0 | D:1      | Reached XP level 1. HP: 14/14 MP: 1/1
   258 | D:1      | Reached XP level 2. HP: 19/19 MP: 2/2
   526 | D:1      | Reached skill level 1 in Stealth
   632 | D:1      | Reached XP level 3. HP: 23/23 MP: 3/3
  1011 | D:2      | Found a blossoming altar of Fedhas.
  1349 | D:2      | Reached XP level 4. HP: 29/29 MP: 4/4
  2689 | D:4      | Found Fugikkou's General Store.
  2697 | D:4      | Bought a potion of heal wounds for 50 gold pieces
  2697 | D:4      | Bought a potion of might for 40 gold pieces
  2697 | D:4      | Bought a scroll of fog for 20 gold pieces
  2697 | D:4      | Bought a potion of berserk rage for 50 gold pieces
  2697 | D:4      | Bought a scroll of identify for 20 gold pieces
  2731 | D:4      | Reached XP level 5. HP: 23/33 MP: 1/5
  2742 | D:4      | Found a glowing silver altar of Zin.
  2744 | D:4      | Found an opulent altar of Gozag.
  2749 | D:4      | Found an iron altar of Okawaru.
  2866 | D:4      | Reached XP level 6. HP: 35/39 MP: 2/6
  3462 | D:4      | Reached XP level 7. HP: 27/44 MP: 2/7
  3647 | D:5      | Entered Level 5 of the Dungeon
  3661 | D:5      | Reached skill level 5 in Shields
  3798 | D:5      | Reached skill level 5 in Fighting
  3881 | D:5      | Reached skill level 5 in Armour
  4128 | D:5      | Reached skill level 5 in Maces & Flails
  4128 | D:5      | Reached skill level 5 in Stealth
  4128 | D:5      | Reached XP level 8. HP: 46/49 MP: 2/8
  4303 | D:5      | Reached skill level 1 in Dodging
  5054 | D:6      | Reached XP level 9. HP: 51/54 MP: 9/9
  5265 | D:7      | Found a staircase to the Ecumenical Temple.
  5299 | D:7      | Reached skill level 5 in Dodging
  5324 | Temple   | Entered the Ecumenical Temple
  5693 | Temple   | Became a worshipper of Dithmenos the Shadowed
  5762 | D:7      | Noticed Pikel
  5774 | D:7      | Killed Pikel
  6349 | D:8      | Reached skill level 10 in Stealth
  6621 | D:8      | Reached skill level 1 in Invocations
  6642 | D:8      | Found a sand-covered staircase.
  6646 | Ossuary  | Entered an ossuary
  6676 | Ossuary  | Reached * piety under Dithmenos
  6815 | Ossuary  | Reached XP level 10. HP: 57/59 MP: 11/11
  6832 | Ossuary  | Reached ** piety under Dithmenos
  7124 | D:8      | Found a staircase to the Lair.
  7191 | D:8      | Noticed a two-headed ogre
  7207 | D:8      | Killed a two-headed ogre
  7948 | D:9      | Noticed a two-headed ogre
  7961 | D:9      | Killed a two-headed ogre
  7961 | D:9      | Reached *** piety under Dithmenos
  8388 | D:9      | Reached XP level 11. HP: 62/66 MP: 14/14
  8751 | Lair:1   | Entered Level 1 of the Lair of Beasts
  8771 | Lair:1   | Reached skill level 5 in Invocations
  9385 | Lair:1   | Noticed an eight-headed hydra
  9395 | Lair:1   | Killed an eight-headed hydra
 10152 | Lair:2   | Found a staircase to the Swamp.
 10250 | Lair:2   | Found a staircase to the Snake Pit.
 10754 | Lair:3   | Noticed Urug
 10766 | Lair:3   | Killed Urug
 11002 | Lair:3   | Reached XP level 12. HP: 75/75 MP: 15/15
 11027 | Lair:3   | Reached **** piety under Dithmenos
 11156 | Lair:3   | Noticed a four-headed hydra
 11168 | Lair:3   | Killed a four-headed hydra
 12384 | Lair:4   | Reached skill level 10 in Shields
 12497 | Lair:4   | Reached skill level 10 in Fighting
 12497 | Lair:4   | Reached skill level 10 in Armour
 13735 | Lair:5   | Reached skill level 10 in Maces & Flails
 13779 | Lair:5   | Reached XP level 13. HP: 43/82 MP: 16/16
 14721 | Lair:6   | Entered Level 6 of the Lair of Beasts
 15013 | Lair:6   | Found a staircase to the Slime Pits.
 16942 | Lair:6   | Noticed a dire elephant
 16942 | Lair:6   | Noticed a dire elephant
 16959 | Lair:6   | Killed a dire elephant
 16965 | Lair:6   | Killed a dire elephant
 16965 | Lair:6   | Reached skill level 10 in Dodging
 17122 | Lair:6   | Got an encrusted leather armour
 17134 | Lair:6   | Identified the cursed +1 leather armour of Loss {rF+ rCorr
                  | Str+6} (You found it on level 6 of the Lair of Beasts)
 17252 | Lair:6   | Noticed a dire elephant
 17270 | Lair:6   | Killed a dire elephant
 17349 | Lair:6   | Noticed a dire elephant
 17690 | Lair:6   | Noticed a dire elephant
 17709 | Lair:6   | Killed a dire elephant
 18043 | Lair:6   | Killed a dire elephant
 18341 | Lair:6   | Gained mutation: Your large and strong wings let you fly
                  | indefinitely. [Gargoyle growth]
 18341 | Lair:6   | Reached XP level 14. HP: 60/88 MP: 17/17
 18542 | Lair:6   | Noticed a dire elephant
 18561 | Lair:6   | Killed a dire elephant
 18768 | Slime:1  | Entered Level 1 of the Pits of Slime
 18768 | Slime:1  | Noticed an acid blob
 18900 | Snake:1  | Entered Level 1 of the Snake Pit
 18975 | Swamp:1  | Entered Level 1 of the Swamp
 19543 | Swamp:1  | Found a transporter.
 19565 | Swamp:1  | Reached ***** piety under Dithmenos
 19697 | Swamp:1  | Found a transporter.
 19718 | Swamp:1  | Got a smoking chain mail
 19987 | Swamp:1  | Noticed Curus's ghost (adept HOMo)
 20284 | Swamp:1  | Identified the cursed +0 chain mail of Light {Stlth+} (You
                  | found it on level 1 of the Swamp)
 21079 | Swamp:1  | Got a clouded diamond amulet
 21488 | Swamp:1  | Identified the amulet "Arotiul" {Harm *Drain +Inv rF+ rC-}
                  | (You found it on level 1 of the Swamp)
 21541 | Swamp:1  | HP: 5/135 [Curus's ghost (27)]
 21542 | Swamp:1  | Slain by a ghost crab

Skill      XL: |  1  2  3  4  5  6  7  8  9 10 11 12 13 14 |
---------------+-------------------------------------------+-----
Stealth        | 1 2 3 5 7 10 | 10.2
Shields        | 4 5 7 8 10 11 | 11.2
Fighting       | 4 5 6 8 10 11 | 11.2
Armour         | 4 5 6 8 10 11 | 11.2
Maces & Flails | 3 5 6 8 10 11 | 11.1
Dodging        | 4 5 6 10 | 10.1
Invocations    | 1 4 5 |  5.0

Action                   |  1- 3 |  4- 6 |  7- 9 | 10-12 | 13-15 || total
-------------------------+-------+-------+-------+-------+-------++-------
Melee: Flail             |   136 |    74 |       |       |       ||   210
       Mace              |       |   143 |   559 |   755 |   636 ||  2093
 Abil: Fly               |       |       |       |       |     1 ||     1
Evoke: Wand              |       |       |       |    25 |     1 ||    26
       Lightning rod     |       |       |       |     4 |     3 ||     7
       Sack of spiders   |       |       |       |       |     4 ||     4
  Use: Scroll            |       |    10 |    15 |    11 |     9 ||    45
       Potion            |       |     1 |       |     6 |    20 ||    27
 Stab: Sleeping          |       |       |     7 |    27 |    14 ||    48
       Distracted        |       |       |     1 |     1 |     1 ||     3
  Eat: Chunk             |     1 |     7 |    17 |     5 |     2 ||    32
       Ration            |       |       |     1 |     4 |     7 ||    12
Armor: Scale mail        |   107 |   154 |   268 |   307 |   121 ||   957
       Leather armour    |       |       |       |       |   183 ||   183
       Skin              |       |       |       |       |    12 ||    12
Dodge: Dodged            |    67 |    66 |   169 |   338 |   429 ||  1069
Block: Shield            |    86 |   125 |   282 |   471 |   258 ||  1222
       Large shield      |       |       |       |       |   385 ||   385
